 Dungeon Crawl Stone Soup version 0.30-a0-626-gd6a5dd7a1f (webtiles) character file.

Game seed: 4601875578381880046

85 acebull12 the Magician (level 4, -2/32 HPs)
             Began as a Djinni Ice Elementalist on Jan 11, 2023.
             Slain by a hobgoblin (4 damage)
             ... led by Robin
             ... on level 2 of the Dungeon.
             The game lasted 00:08:42 (1769 turns).

acebull12 the Magician (Djinni Ice Elementalist)    Turns: 1769, Time: 00:08:43

Health: -2/32      AC:  2    Str:  7    XL:     4   Next: 75%
Gold:   138        EV: 12    Int: 18    God:
                   SH:  0    Dex: 14

rFire   + + .      SeeInvis .    f - +0 dagger
rCold   x . .      Faith    .    (no shield)
rNeg    . . .      Spirit   .    a - +0 robe
rPois   ∞          Reflect  .    (no helmet)
rElec   .          Harm     .    (no cloak)
rCorr   .          Rampage  .    (no gloves)
Will    .....                    (boots unavailable)
Stlth   ++                       (no amulet)
HPRegen 0.25/turn                (no ring)
MPRegen 0.00/turn                (no ring)

@: flying
A: sickness immunity, fire resistance 2, cold vulnerability 1, float, innate
caster, HP casting, extra vitality 1
a: no special abilities


You were on level 2 of the Dungeon.
You visited 1 branch of the dungeon, and saw 3 of its levels.

You collected 138 gold pieces.

Inventory:

Hand Weapons
 f - a +0 dagger (weapon)
Missiles
 k - 3 poisoned darts (quivered)
 m - 24 stones
Armour
 a - a +0 robe (worn)
 c - a +0 scale mail
Wands
 n - a wand of charming (6)
Scrolls
 b - a scroll of poison {unknown}
 d - 2 scrolls of noise {unknown}
 h - 2 scrolls of teleportation {unknown}
 o - a scroll of fear {unknown}
 p - a scroll of amnesia {unknown}
 r - a scroll of brand weapon {unknown}
Potions
 e - a potion of brilliance {unknown}
 g - a potion of ambrosia {unknown}
 i - a potion of attraction {unknown}
 j - a potion of haste {unknown}
 l - a potion of curing {unknown}
 q - a potion of heal wounds {unknown}


   Skills:
 * Level 1.0 Fighting
 + Level 2.2 Dodging
 + Level 1.6 Stealth
 * Level 4.4 Spellcasting


You couldn't memorise any spells.
You knew the following spells:

 Your Spells              Type           Power      Damage    Failure   Level
a - Freeze                Ice            76%        1d8       2%          1
b - Sting                 Tmut/Pois      76%        1d6       2%          1
c - Ozocubu's Armour      Ice            19%        N/A       7%          3
d - Summon Ice Beast      Ice/Summ       19%        N/A       22%         4
e - Frozen Ramparts       Ice            38%        1d6       7%          3
Your spell library was empty.

Dungeon Overview and Level Annotations

Branches:
Dungeon (3/15)

Altars:

Shops:
D:3 *


Innate Abilities, Weirdness & Mutations

You are immune to sickness and miasma.
You are immune to poison.
Your flesh is very heat resistant. (rF++)
You are vulnerable to cold. (rC-)
You float through the air rather than walking.
You learn spells naturally, not from books.
Your magical power is your life essence.
You have superior vitality. (+4 MHP)


Message History

There is a stone staircase leading up here.
The goblin hits you with a +0 dagger. The goblin hits you with a +3 dagger!
The hobgoblin hits you.
* * * LOW HITPOINT WARNING * * *
You fly upwards.
There is a stone staircase leading down here.
You hit the goblin.
The goblin is severely wounded.
The goblin hits you but does no damage. The hobgoblin hits you.
* * * LOW HITPOINT WARNING * * *
The goblin closely misses you.
You hit the goblin.
You kill the goblin!
The hobgoblin barely misses you. The goblin hits you with a +3 dagger.
* * * LOW HITPOINT WARNING * * *
The hobgoblin attacks as you move away! The hobgoblin closely misses you.
Things that are here:
a +0 dagger; a goblin corpse You closely miss the hobgoblin.
The hobgoblin hits you.
* * * LOW HITPOINT WARNING * * *
You barely miss the hobgoblin.
The hobgoblin hits you but does no damage.
You closely miss the hobgoblin. The hobgoblin barely misses you.
You hit the hobgoblin.
The hobgoblin is heavily wounded.
The hobgoblin misses you.
You barely miss the hobgoblin.
The hobgoblin is heavily wounded.
The hobgoblin closely misses you.
You hit the hobgoblin but do no damage.
The hobgoblin is heavily wounded.
The hobgoblin misses you.
You hit the hobgoblin but do no damage.
The hobgoblin is heavily wounded.
The hobgoblin hits you.
* * * LOW HITPOINT WARNING * * *
You hit the hobgoblin but do no damage.
The hobgoblin is heavily wounded.
The hobgoblin hits you.
You die...

....#.## #.#
)..###.############### #.# ..##
##..............########.#
##.###.#########..............#
##.#.## #.###.########## ##.##
#.# #.# #.# #.# #.# #.# #.#
#.######### #.# #@#
#.........#### #.###########g#
#########..... #............g#
###### ###############


You could see a hobgoblin and a goblin.

Vanquished Creatures
  Robin (D:3)
  3 adders (D:2)
  4 endoplasms
  A giant cockroach (D:1)
  7 goblins
  10 hobgoblins
  4 quokkas
  A ball python (D:2)
  A frilled lizard (D:1)
  6 kobolds
  5 rats
43 creatures vanquished.

Notes
Turn   | Place    | Note
-------+----------+-------------------------------------------
     0 | D:1      | acebull12 the Djinni Ice Elementalist began the quest for
                  | the Orb.
     0 | D:1      | acebull12 set off with the following spells memorised:
                  | Freeze, Frozen Ramparts, Ozocubu's Armour, Summon Ice
                  | Beast.
     0 | D:1      | Reached XP level 1. HP: 15/15 MP: 0/0
   187 | D:1      | Reached XP level 2. HP: 19/21 MP: 0/0
   535 | D:1      | Reached XP level 3. HP: 24/25 MP: 0/0
   535 | D:1      | Learned a level 1 spell: Sting
   829 | D:2      | Reached skill level 4 in Spellcasting
  1013 | D:2      | Reached XP level 4. HP: 26/31 MP: 0/0
  1231 | D:2      | Identified the +1 robe "Arghosad" {rC+ rN+}
  1449 | D:3      | Found Banguv's General Store.
  1510 | D:3      | Reached skill level 1 in Fighting
  1673 | D:3      | Noticed Robin
  1677 | D:3      | Killed Robin
  1760 | D:2      | HP: 1/32 [goblin/+3 dagger[Robin] (5)]
  1768 | D:2      | HP: 1/32 [hobgoblin[Robin] (1)]
  1769 | D:2      | Slain by a hobgoblin

Illustrated notes

Levels and vault maps discovered:
D:1:      tarquinn_simple_flora_water_a, layout_basic,
          chequers_serial_rivers_small_a, st_stairs_3
D:2:      layout_loops_ring
D:3:      layout_rooms, serial_shops,
          nicolae_shop_temple_entry_statues_fountains, serial_park_tiny_2,
          kennysheep_cluttered_room, uniq_robin, uniq_natasha

Skill      XL: |  1  2  3  4 |
---------------+-------------+-----
Spellcasting   | 4 |  4.4
Fighting       | 1 |  1.0
Dodging        | |  2.2
Stealth        | |  1.6

Action                   |  1- 3 |  4- 6 || total
-------------------------+-------+-------++-------
Melee: Unarmed           |     1 |       ||     1
       Dagger            |     2 |    17 ||    19
Throw: Dart              |     1 |       ||     1
 Cast: Freeze            |    37 |    15 ||    52
       Sting             |    15 |    13 ||    28
Armor: Robe              |     2 |     3 ||     5
Dodge: Dodged            |    20 |    23 ||    43

Table legend: (Time is in decaauts)
 A = Elapsed time spent in this place.
 B = Non-inter-level travel time spent in this place.
 C = Inter-level travel time spent in this place.
 D = Time resting spent in this place.
 E = Time spent auto-exploring this place.
 F = Levels seen in this place.
 G = Mean time per level.
                   A        B        C        D        E       F      G
               +--------+--------+--------+--------+--------+-----+--------+
         Total |   1770 |   1616 |    154 |     77 |   1149 |   3 |  590.0 |
       Dungeon |   1770 |   1616 |    154 |     77 |   1149 |   3 |  590.0 |
               +--------+--------+--------+--------+--------+-----+--------+

Top non-repeatable levels by time:
     D:2: 856 daAuts
     D:1: 648 daAuts
     D:3: 265 daAuts
